AoeStats
← 冥想控

Arabian Desert

510176048Analyzed
1v1 RM · 3d ago on Sep 29, 2026· 28m 33s· 2 players
Game mode
Random Map
Map size
Tiny (2 player)
Population
200
Speed
Normal
Resources
Standard
Victory
Conquest
Starting age
Dark Age
Ending age
Imperial Age
RankedLock teamsTeams togetherTeam positionsShared explorationLock speedFull tech treeHidden civsTurbo modeCheats
Victory
Defeat
🇨🇷 Wei · Costa Rica
2038
+17
🇨🇳 Poles · China
2065
-17
salserin con mucho swin
5:08 Loom
8:35 Feudal Age
9:04 Double-Bit Axe
9:31 Horse Collar
20:50 Castle Age
19:16 Fletching
19:39 Gold Mining
20:56 Bloodlines
20:54 Crossbowman
22:15 Bodkin Arrow
24:38 Padded Archer Armor
25:32 Wheelbarrow
24:42 Town Watch
26:29 Leather Archer Armor
26:56 Bow Saw
27:52 Town Watch
冥想控
6:39 Loom
8:56 Feudal Age
9:28 Double-Bit Axe
9:28 Horse Collar
19:45 Castle Age
19:31 Bloodlines
19:51 Gold Mining
19:51 Light Cavalry
21:46 Scale Barding Armor
Connection lost

Rejoining the realm…

Still unreachable

The connection could not be restored.

Session expired

The server has moved on; the page needs a fresh start.